 Dungeon Crawl Stone Soup version 0.31.0-9-g3a7656b989 (webtiles) character file.

Game seed: 7470422265601077024

189 monsoonserge the Magician (level 6, -4/41 HPs)
             Began as a Djinni Summoner on Jan 24, 2024.
             Killed by divine providence
             ... invoked by an orc priest
              (13 damage)
             ... on level 3 of the Dungeon.
             The game lasted 00:13:34 (1685 turns).

monsoonserge the Magician (Djinni Summoner)         Turns: 1685, Time: 00:13:35

Health: -4/41      AC:  9    Str:  7    XL:     6   Next: 0%
Gold:   54         EV: 12    Int: 19    God:
                   SH:  0    Dex: 13

rFire   + + .        c - +3 dagger (elec)
rCold   x . .        (no shield)
rNeg    . . .        j - +0 leather armour
rPois   ∞            (no helmet)
rElec   .            h - +0 cloak
rCorr   .            o - +0 pair of gloves
SInv    .            (boots unavailable)
Will    .....        a - amulet of regeneration
Stlth   ++           e - +4 ring of protection
HPRegen 1.06/turn    k - ring of wizardry
MPRegen 0.00/turn

%: wizardry (x1), infuse magic (-5 HP)
@: unable to call your familiar, flying
A: sickness immunity, fire resistance 2, cold vulnerability 1, float, innate
caster, HP casting, extra vitality 1
a: no special abilities


You were on level 3 of the Dungeon.
You visited 1 branch of the dungeon, and saw 3 of its levels.

You collected 54 gold pieces.

Inventory:

Hand Weapons
 c - a +3 dagger of electrocution (weapon)
Armour
 h - a +0 cloak (worn)
 j - a +0 leather armour (worn)
 l - a +0 ring mail
 o - a +0 pair of gloves (worn)
Jewellery
 a - an amulet of regeneration (around neck)
 e - a +4 ring of protection (left hand)
 k - a ring of wizardry (right hand)
Scrolls
 b - 2 scrolls of identify {unknown}
 d - 3 scrolls of summoning {unknown}
 f - a scroll of enchant armour {unknown}
 i - a scroll of vulnerability {unknown}
 n - a scroll of revelation {unknown}
 p - a scroll of fear {unknown}
Potions
 g - a potion of attraction {unknown}


   Skills:
 + Level 0.4 Fighting
 * Level 2.4 Short Blades
 - Level 2.0 Armour
 + Level 3.7 Dodging
 - Level 2.0 Stealth
 * Level 3.8 Spellcasting
 * Level 3.8 Conjurations
 * Level 3.8 Hexes
 * Level 3.8 Summonings
 * Level 3.8 Necromancy
 * Level 3.8 Translocations
 * Level 3.8 Fire Magic
 * Level 3.8 Ice Magic
 * Level 3.8 Air Magic
 * Level 3.8 Earth Magic
 * Level 3.8 Alchemy


You knew the following spells:

 Your Spells              Type           Power      Damage    Failure   Level
a - Summon Small Mammal   Summ           72%        N/A       1%          1
b - Call Imp              Summ           36%        N/A       2%          2
c - Call Canine Familiar  Summ           18%        N/A       5%          3
d - Summon Blazeheart Go  Fire/Summ      18%        N/A       16%         4
e - Summon Lightning Spi  Summ/Air       18%        N/A       16%         4
f - Kiss of Death         Conj/Necr      72%        2d10      1%          1
g - Blink                 Tloc           36%        N/A       2%          2
Your spell library was empty.

Dungeon Overview and Level Annotations

Branches:
Dungeon (3/15)

Altars:
Trog

Shops:
D:2 *   D:3 [?


Innate Abilities, Weirdness & Mutations

You are immune to sickness and miasma.
You are immune to poison.
Your flesh is very heat resistant. (rF++)
You are vulnerable to cold. (rC-)
You float through the air rather than walking.
You learn spells naturally, not from books.
Your magical power is your life essence.
You have superior vitality. (+4 MHP)


Message History

The rat bites you but does no damage.
Your quokka bites the adder.
The adder completely misses you.
The orc priest calls down the wrath of Beogh upon you.
Pain shoots through your body!
* * * LOW HITPOINT WARNING * * *
The kobold hits you but does no damage.
Okay, then.
Unknown command.
Unknown command.
It was a potion of curing.
You feel better.
Your cerulean imp barely misses the rat.
Your rat barely misses the orc.
The orc hits you with a +0 club.
* * * LOW HITPOINT WARNING * * *
Your quokka completely misses the adder.
The rat barely misses you. The adder closely misses you.
The orc priest casts a cantrip, but nothing happens.
The kobold hits you but does no damage.
Unknown command.
Unknown command.
You feel better. The adder bites you but does no damage.
Your quokka bites the adder.
Your cerulean imp hits the rat from afar with a -3 spear.
The rat dies!
Your rat closely misses the orc.
The orc hits you but does no damage.
Your quokka barely misses the adder.
The orc priest calls down the wrath of Beogh upon you.
Pain shoots through your body!
* * * LOW HITPOINT WARNING * * *
The kobold hits you but does no damage. The adder bites you but does no damage.
You hit the orc priest but do no damage.
The orc priest is severely wounded.
The orc misses you.
Your rat bites the orc but does no damage.
The adder closely misses you.
Your quokka bites the adder.
Your cerulean imp closely misses the orc priest.
Unknown command.
You swap places.
The orc priest mumbles some strange prayers to Beogh against you.
Beogh smites you!
You die...

#............
#.#.#.####### .......#
####### ##.#.###
####.....#### #.:..
........... . ...
#........ # .[.. #......#
... #......# #...@..#
#..)5or+
#..KSo.############
#..†.r.##.........# +
#......##.........#
#.#..))..##.........#
.#...##(####.........###
.........####............
......#.....#............


You could see an orc priest (ally target), an adder, an orc (ally target), a
kobold (ally target), a friendly cerulean imp (summoned), a friendly quokka
(summoned) and a friendly rat (summoned).

Vanquished Creatures
  An orc priest (D:3)
  A ribbon worm (D:2)
  2 dart slugs (D:2)
  7 orcs (D:3)
  An endoplasm (D:2)
  2 giant cockroaches (D:2)
  3 hobgoblins
  2 jackals (D:3)
  A kobold (D:2)
  2 ball pythons
  5 bats
  5 goblins
  A rat (D:2)
33 creatures vanquished.

Vanquished Creatures (collateral kills)
  Terence (D:2)
  An orc wizard (D:3)
  3 gnolls (D:3)
  A dart slug (D:3)
  5 orcs (D:3)
  A ball python (D:1)
  2 endoplasms
  A giant cockroach (D:2)
  A goblin (D:2)
  2 jackals (D:3)
  A bat (D:2)
  A frilled lizard (D:1)
  3 kobolds
  4 rats
27 creatures vanquished.

Grand Total: 60 creatures vanquished

Notes
Turn   | Place    | Note
-------+----------+-------------------------------------------
     0 | D:1      | monsoonserge the Djinni Summoner began the quest for the
                  | Orb.
     0 | D:1      | monsoonserge set off with the following spells memorised:
                  | Summon Small Mammal, Call Imp, Call Canine Familiar, Summon
                  | Blazeheart Golem, Summon Lightning Spire.
     0 | D:1      | Reached XP level 1. HP: 15/15 MP: 0/0
   204 | D:1      | Reached XP level 2. HP: 17/21 MP: 0/0
   601 | D:2      | Reached skill level 1 in Short Blades
   616 | D:2      | Reached XP level 3. HP: 19/25 MP: 0/0
   616 | D:2      | Learned a level 1 spell: Kiss of Death
   807 | D:2      | Found Defess's Assorted Antiques.
  1020 | D:2      | Noticed Terence
  1035 | D:2      | Killed Terence
  1036 | D:2      | Reached skill level 1 in Armour
  1036 | D:2      | Reached XP level 4. HP: 26/31 MP: 0/0
  1443 | D:3      | Found Izacalu's Magic Scroll Shop.
  1501 | D:3      | Found a bloodstained altar of Trog.
  1539 | D:3      | Reached XP level 5. HP: 35/35 MP: 0/0
  1539 | D:3      | Learned a level 2 spell: Blink
  1575 | D:3      | Found a faded altar of an unknown god.
  1621 | D:3      | Found Osoq's Armour Shoppe.
  1673 | D:3      | Reached XP level 6. HP: 28/41 MP: 0/0
  1685 | D:3      | Killed from afar by an orc priest

Illustrated notes

Levels and vault maps discovered:
D:1:      amcnicky_arrival_gap_in_the_tavern_cellar, layout_rooms,
          serial_corexii_hall, corexii_hall_statues_i,
          chequers_hall_statues_wall_a
D:2:      layout_loops_ring, serial_shops, shop, uniq_terence
D:3:      layout_basic, bloody_trog, mainiacjoe_overflow_alcove_2,
          basic_ecumenical_altar, serial_shops, nicolae_shop_rolled_up,
          nicolae_shop_overgrown_old_shop, nicolae_shop_statue_plus, shop,
          uniq_robin

Skill      XL: |  1  2  3  4  5 |
---------------+----------------+-----
Stealth        | 2 |  2.0
Short Blades   | 1 2 |  2.4
Dodging        | 3 |  3.7
Armour         | 1 2 |  2.0
Fighting       | |  0.4
Spellcasting   | |  3.8
Conjurations   | |  3.8
Hexes          | |  3.8
Summonings     | |  3.8
Necromancy     | |  3.8
Translocations | |  3.8
Fire Magic     | |  3.8
Ice Magic      | |  3.8
Air Magic      | |  3.8
Earth Magic    | |  3.8
Alchemy        | |  3.8

Action                     |  1- 3 |  4- 6 || total
---------------------------+-------+-------++-------
  Melee: Dagger            |    53 |    45 ||    98
         Unarmed           |     6 |       ||     6
   Cast: Summon Small Mamm |    22 |    15 ||    37
         Call Imp          |     6 |     9 ||    15
         Call Canine Famil |       |     3 ||     3
    Use: Potion            |       |     2 ||     2
   Stab: Sleeping          |     3 |     1 ||     4
 Armour: Robe              |    13 |       ||    13
         Leather armour    |    11 |    42 ||    53
  Dodge: Dodged            |    41 |    46 ||    87
